 Dungeon Sprint DCSS version 0.22-a0-858-g985ef60 (webtiles) character file.

13700000 protoss039 the Middleweight Champion (level 27, -147/273 HPs)
             Began as a Ghoul Gladiator on July 27, 2018.
             Was the Champion of Makhleb.
             Annihilated by a destroyer
             ... wielding a +9 great sword of slicing
              (169 damage)
             ... in the Dungeon (Sprint VIII: "Arena of Blood").
             The game lasted 00:05:30 (137 turns).

protoss039 the Middleweight Champion (GhGl)          Turns: 137, Time: 00:05:31

Health: -147/273   AC:  8    Str: 22    XL:     27
Magic:  49/53      EV: 34    Int:  3    God:    Makhleb [******]
Gold:   0          SH:  0    Dex: 19    Spells: 80/80 levels left

rFire    . . .     SeeInvis +   k - +∞ Axe of Woe
rCold    + . .     Gourm    .   (shield currently unavailable)
rNeg     + + +     Faith    .   a - +0 leather armour
rPois    ∞         Spirit   .   b - +0 helmet
rElec    .         Reflect  .   (no cloak)
rCorr    .         Harm     .   (no gloves)
MR       ++...     NoTele   +   (no boots)
Stlth    +++++++++.             (no amulet)
HPRegen  0.00/turn              l - ring of see invisible
MPRegen  0.33/turn              (no ring)

@: rotting, hasted and slowed
A: rotting body, claws 1, carnivore, cold resistance 1, negative energy
resistance 3, inhibited regeneration, torment resistance, unbreathing
a: Minor Destruction, Lesser Servant of Makhleb, Major Destruction, Greater
Servant of Makhleb, Renounce Religion


You were in the Dungeon.
You worshipped Makhleb.
Makhleb was exalted by your worship.
You were not hungry.

You visited 1 branch

Inventory:

Hand Weapons
 k - the +∞ Axe of Woe (weapon)
   (You found it in the Dungeon)
Missiles
 c - 2 throwing nets (quivered)
Armour
 a - a +0 leather armour (worn)
 b - a +0 helmet (worn)
Jewellery
 l - a ring of see invisible (left claw)
Scrolls
 j - a scroll of blinking
Potions
 e - a potion of curing
 f - a potion of heal wounds
 h - 2 potions of magic
 i - a potion of berserk rage
Comestibles
 d - a ration


   Skills:
 O Level 27 Fighting
 O Level 27 Axes
 O Level 27 Throwing
 O Level 27 Armour
 O Level 27 Dodging
 O Level 27 Stealth
 O Level 27 Unarmed Combat
 O Level 27 Spellcasting
 O Level 27 Invocations


You had 80 spell levels left.
You didn't know any spells.
Your spell library was empty.

Dungeon Overview and Level Annotations

Branches:
Dungeon (1/1)

Altars:
Makhleb

Annotations:
D The Servant


Innate Abilities, Weirdness & Mutations

Your body is rotting away.
You thrive on raw meat.
You are immune to poison.
You have sharp fingernails.
You are carnivorous and can eat meat at any time.
Your flesh is cold resistant. (rC+)
You are immune to negative energy. (rN+++)
You do not regenerate when monsters are visible.
You are immune to unholy pain and torment.
You can survive without breathing.


Message History

The Servant hits you from afar with a +9 glaive of flaming!!!
The Servant burns you!
You hear a shout!
The eight-headed meat hydra roars!
Unknown command.
Unknown command.
You feel yourself speed up.
You hear a shout! x4
The accursed points at you and mumbles some strange words.
Something smites you!
The destroyer blinks!
You hear a shout! x3
A fleshlord comes into view. It is wielding a +9 great mace.
The accursed points at you and mumbles some strange words.
Something smites you!
You hear a shout!
The fleshlord hits you with a +9 great mace!!!
* * * LOW HITPOINT WARNING * * *
You hear a shout!
The destroyer hits you with a +9 great sword of slicing!!!!!
Ouch! That really hurt!
You die...

........)))........
.§......)))).......
....#....)))#.....
....#...2)).#.....
.p###.M§.)))###...
..D..§.###))......
...S..M_).)......
....#p)p).#§.....
....#_)@V_#.§....
.. #@.)..#.§§...
.O.oW._.........
....M.###........
o###.. ...###...
#.. ...# . #.. ...#
.. ...D.


You could see 3 accurseds, The Servant, 2 eight-headed meat hydras, a destroyer,
a scourge, 3 fleshlords, a large bag of meat (inner flame), a dread and 2 bags
of meat.

Vanquished Creatures
  A hell knight (D)
  5 hell beasts (D)
  5 greater mummies (D)
  3 great orbs of eyes (D)
  2 wraiths (D)
  13 vampire knights (D)
  33 ogres (D)
  4 two-headed ogres (D)
  9 liches (D)
  4 hydras (D)
  73 orcs (D)
  6 phantoms (D)
  5 skeletal warriors (D)
  2 sea snakes (D)
  10 large abominations (D)
  10 small abominations (D)
  10 crawling corpses (D)
195 creatures vanquished.

Vanquished Creatures (others)
  2 crawling corpses (D)
2 creatures vanquished.

Grand Total: 197 creatures vanquished

Notes
Turn   | Place    | Note
-------+----------+-------------------------------------------
     0 | D        | Found the +∞ Axe of Woe
     0 | D        | protoss039 the Ghoul Gladiator began the quest for the Orb.
     0 | D        | Reached XP level 1. HP: 17/17 MP: 0/0
     1 | D        | Noticed a bag of meat
     2 | D        | Noticed a bag of meat
     3 | D        | Became a worshipper of Makhleb the Destroyer
     5 | D        | Noticed a bag of meat
     5 | D        | Noticed a bag of meat
     7 | D        | Noticed a meat berserker
     8 | D        | Killed a bag of meat
     8 | D        | Reached XP level 2. HP: 40/40 MP: 1/1
     8 | D        | Reached XP level 3. HP: 47/47 MP: 2/2
     8 | D        | Reached XP level 4. HP: 55/55 MP: 3/3
     8 | D        | Reached XP level 5. HP: 61/61 MP: 4/4
     8 | D        | Reached XP level 6. HP: 68/68 MP: 5/5
     8 | D        | Reached XP level 7. HP: 74/74 MP: 6/6
     8 | D        | Reached XP level 8. HP: 82/82 MP: 7/7
     8 | D        | Reached XP level 9. HP: 89/89 MP: 8/8
     8 | D        | Reached XP level 10. HP: 96/96 MP: 9/9
     8 | D        | Reached XP level 11. HP: 103/103 MP: 10/10
     8 | D        | Reached XP level 12. HP: 110/110 MP: 11/11
     9 | D        | Killed a bag of meat
     9 | D        | Reached * piety under Makhleb
     9 | D        | Reached skill level 10 in Throwing
     9 | D        | Reached XP level 13. HP: 122/122 MP: 12/12
    10 | D        | Noticed a bag of meat
    10 | D        | Noticed a meat berserker
    11 | D        | Noticed a meat berserker
    11 | D        | Noticed a bag of meat
    11 | D        | Noticed a bag of meat
    12 | D        | Killed a meat berserker
    12 | D        | Reached skill level 15 in Fighting
    12 | D        | Reached XP level 14. HP: 42/136 MP: 13/13
    12 | D        | Killed a bag of meat
    12 | D        | Reached XP level 15. HP: 100/145 MP: 14/14
    12 | D        | Noticed a meat berserker
    14 | D        | Killed a meat berserker
    14 | D        | Reached ** piety under Makhleb
    14 | D        | Reached XP level 16. HP: 157/157 MP: 15/15
    14 | D        | Killed a meat berserker
    14 | D        | Reached skill level 15 in Throwing
    14 | D        | Reached skill level 5 in Armour
    14 | D        | Reached skill level 27 in Unarmed Combat
    14 | D        | Reached XP level 17. HP: 172/172 MP: 16/16
    14 | D        | Reached *** piety under Makhleb
    14 | D        | Reached skill level 27 in Dodging
    14 | D        | Noticed a meat berserker
    15 | D        | Killed a meat berserker
    15 | D        | Reached XP level 18. HP: 192/192 MP: 17/17
    16 | D        | Noticed a large bag of meat
    17 | D        | Reached **** piety under Makhleb
    17 | D        | Reached skill level 27 in Fighting
    17 | D        | Reached skill level 10 in Armour
    17 | D        | Reached XP level 19. HP: 207/207 MP: 18/18
    18 | D        | Noticed a meat berserker
    19 | D        | Reached skill level 27 in Axes
    19 | D        | Reached ***** piety under Makhleb
    19 | D        | Reached skill level 15 in Armour
    19 | D        | Reached skill level 27 in Throwing
    19 | D        | Reached XP level 20. HP: 216/216 MP: 19/19
    20 | D        | Noticed a meat berserker
    20 | D        | Noticed a meat berserker
    21 | D        | Noticed a meat berserker
    22 | D        | Killed a large bag of meat
    22 | D        | Reached skill level 27 in Armour
    22 | D        | Reached skill level 10 in Stealth
    22 | D        | Reached XP level 21. HP: 224/224 MP: 19/30
    22 | D        | Reached skill level 10 in Spellcasting
    22 | D        | Killed a meat berserker
    22 | D        | Reached ****** piety under Makhleb
    22 | D        | Reached skill level 15 in Spellcasting
    22 | D        | Reached XP level 22. HP: 233/233 MP: 19/41
    22 | D        | Noticed a destroyer
    24 | D        | Reached skill level 27 in Stealth
    24 | D        | Noticed a large bag of meat
    26 | D        | Reached skill level 27 in Invocations
    26 | D        | Reached XP level 23. HP: 200/240 MP: 19/50
    26 | D        | Reached skill level 27 in Spellcasting
    27 | D        | Noticed a destroyer
    28 | D        | Reached XP level 24. HP: 208/249 MP: 20/53
    31 | D        | Noticed a destroyer
    31 | D        | HP: 6/249 [bag of meat/+9 war axe (23)]
    32 | D        | Reached XP level 25. HP: 58/257 MP: 21/53
    32 | D        | Killed a destroyer
    33 | D        | Reached XP level 26. HP: 266/266 MP: 21/53
    33 | D        | Noticed a destroyer
    34 | D        | Killed a destroyer
    34 | D        | Noticed a destroyer
    37 | D        | Killed a destroyer
    37 | D        | Reached XP level 27. HP: 273/273 MP: 22/53
    38 | D        | Killed a destroyer
    38 | D        | Noticed a destroyer
    41 | D        | Noticed a destroyer
    42 | D        | Noticed a destroyer
    46 | D        | Killed a destroyer
    47 | D        | Killed a destroyer
    48 | D        | Noticed a tyrant
    50 | D        | Noticed a destroyer
    51 | D        | Killed a destroyer
    53 | D        | Killed a destroyer
    54 | D        | Killed a destroyer
    55 | D        | Noticed a destroyer
    57 | D        | Noticed an accursed
    57 | D        | Noticed a destroyer
    60 | D        | Killed a tyrant
    62 | D        | Killed a destroyer
    65 | D        | Noticed a destroyer
    66 | D        | Killed a destroyer
    67 | D        | Killed a destroyer
    69 | D        | Noticed a destroyer
    70 | D        | Noticed a tyrant
    71 | D        | Killed a destroyer
    72 | D        | Noticed a large bag of meat
    72 | D        | Noticed a meat beast
    73 | D        | Killed a large bag of meat
    74 | D        | Noticed a tyrant
    76 | D        | Killed an accursed
    77 | D        | Killed a large bag of meat
    79 | D        | Noticed a meat beast
    80 | D        | Noticed a dread
    82 | D        | Killed a meat beast
    84 | D        | Killed a tyrant
    84 | D        | Killed a meat beast
    86 | D        | Killed a tyrant
    90 | D        | Noticed a tyrant
    91 | D        | Noticed a tyrant
    91 | D        | Noticed a dread
    91 | D        | Noticed a tyrant
    91 | D        | Noticed a tyrant
    92 | D        | Noticed a tyrant
    94 | D        | Noticed a large bag of meat
    94 | D        | Noticed an accursed
    95 | D        | Killed a tyrant
    98 | D        | Killed a dread
    99 | D        | Killed a dread
   100 | D        | Killed a tyrant
   100 | D        | Noticed an accursed
   102 | D        | Noticed an accursed
   103 | D        | Noticed a meat beast
   103 | D        | Noticed an accursed
   103 | D        | Killed a tyrant
   103 | D        | Noticed a meat beast
   104 | D        | Killed a tyrant
   105 | D        | Killed a large bag of meat
   107 | D        | Killed a meat beast
   108 | D        | Killed a meat beast
   109 | D        | Noticed a meat beast
   109 | D        | Noticed an accursed
   111 | D        | Noticed a tyrant
   113 | D        | Killed an accursed
   113 | D        | Killed an accursed
   114 | D        | Killed a meat beast
   116 | D        | Noticed a tyrant
   120 | D        | Killed an accursed
   124 | D        | Noticed The Servant
   127 | D        | Killed a tyrant
   127 | D        | Noticed an accursed
   128 | D        | Killed an accursed
   128 | D        | Noticed a fleshlord
   129 | D        | Noticed a dread
   129 | D        | Noticed a fleshlord
   132 | D        | Noticed an accursed
   132 | D        | Noticed a fleshlord
   134 | D        | Killed a fleshlord
   135 | D        | Killed a tyrant
   136 | D        | Noticed a destroyer
   136 | D        | Noticed a meat beast
   136 | D        | Noticed a large bag of meat
   137 | D        | Noticed a fleshlord
   137 | D        | Annihilated by a destroyer

Vault maps used:
D:        meatsprint

Skill      XL: |  1  2  3  4  5  6  7  8  9 10 11 12 13 14 15 16 17 18 19 20 21 22 23 |
---------------+----------------------------------------------------------------------+-----
Fighting       | 11 13 15 16 18 20 24 27 | 27.0
Axes           | 4 6 8 9 11 14 19 24 27 | 27.0
Throwing       | 9 10 12 13 15 18 20 27 | 27.0
Dodging        | 16 18 21 22 23 26 27 | 27.0
Unarmed Combat | 18 21 23 25 26 27 | 27.0
Armour         | 2 3 4 6 8 11 17 27 | 27.0
Stealth        | 10 22 27 | 27.0
Spellcasting   | 7 16 24 27 | 27.0
Invocations    | 9 20 27 | 27.0

Action                   |  1- 3 |  4- 6 |  7- 9 | 10-12 | 13-15 | 16-18 | 19-21 | 22-24 | 25-27 || total
-------------------------+-------+-------+-------+-------+-------+-------+-------+-------+-------++-------
Melee: Executioner's axe |     1 |       |       |     1 |     2 |     2 |     2 |     4 |    69 ||    81
Throw: Throwing net      |       |       |       |       |       |       |       |       |     1 ||     1
  Use: Potion            |       |       |       |       |       |       |       |       |     1 ||     1
Armor: Leather armour    |       |       |       |       |       |       |       |       |     2 ||     2
Dodge: Dodged            |       |       |       |       |       |     2 |     6 |     2 |    19 ||    29

Table legend:
 A = Spawn XP
 B = Non-spawn XP
 C = Spawn XP percentage of total XP
 D = Spawn monster count
 E = Non-spawn monster count
 F = Spawn count percentage of total count
 G = Total turns spent on level
                    A         B        C        D         E        F      G
               +---------+---------+-------+---------+---------+-------+---------
         Total |       0 | 5709433 |   0.0 |       0 |     184 |   0.0 |   137
               +---------+---------+-------+---------+---------+-------+---------
             D |       0 | 5709433 |   0.0 |       0 |     184 |   0.0 |   137
               +---------+---------+-------+---------+---------+-------+---------
